 Dungeon Crawl Stone Soup version 0.29.0-13-gc9e81de378 (webtiles) character file.

Game seed: 16720592583100996602

15894 SensoryNuts the Carver (level 12, 0/91 HPs)
             Began as a Demonspawn Fighter on Sept 7, 2022.
             Killed by divine providence
             ... invoked by Saint Roka
              (10 damage)
             ... on level 1 of the Orcish Mines.
             The game lasted 00:17:06 (18497 turns).

SensoryNuts the Carver (Demonspawn Fighter)        Turns: 18497, Time: 00:17:06

Health: 0/91       AC: 32    Str: 16    XL:     12   Next: 5%
Magic:  12/12      EV:  9    Int: 11    God:
Gold:   1122       SH: 11    Dex: 17    Spells: 11/11 levels left

rFire   + . .      SeeInvis .   a - +1 long sword
rCold   x . .      Faith    .   w - +0 kite shield
rNeg    . . .      Spirit   .   z - +0 plate armour
rPois   .          Reflect  .   n - +2 hat
rElec   .          Harm     .   y - +0 cloak
rCorr   .          Rampage  .   (no gloves)
Will    .....                   j - +2 pair of boots
Stlth   ..........              (no amulet)
HPRegen 0.25/turn               m - +4 ring of evasion
MPRegen 0.13/turn               f - ring of fire

@: sanguine armoured, studying Ranged Weapons
A: claws 2, powered by death 1, spiny 2, sanguine armour 3
a: no special abilities


You were on level 1 of the Orcish Mines.
You visited 2 branches of the dungeon, and saw 13 of its levels.

You collected 1122 gold pieces.

Inventory:

Hand Weapons
 a - a +1 long sword (weapon)
Armour
 j - a +2 pair of boots (worn)
 n - a +2 hat (worn)
 w - a +0 kite shield (worn)
 y - a +0 cloak (worn)
 z - a +0 plate armour (worn)
Jewellery
 f - a ring of fire (right claw)
 h - a ring of ice
 i - a ring of ice
 m - a +4 ring of evasion (left claw)
 x - a +6 ring of intelligence
 B - a ring of willpower
 C - a ring of positive energy
Wands
 d - a wand of polymorph (11) (quivered)
 p - a wand of iceblast (9)
 A - a wand of mindburst (15)
Scrolls
 l - 3 scrolls of amnesia
 q - 2 scrolls of identify
 r - 6 scrolls of teleportation
Potions
 b - a potion of ambrosia
 g - 2 potions of resistance
 k - 9 potions of curing
 o - 3 potions of cancellation
 s - 2 potions of attraction
 t - 2 potions of brilliance
 u - 2 potions of lignification
 v - 2 potions of flight
 D - a potion of magic


   Skills:
 + Level 7.3 Fighting
 * Level 13.1 Long Blades
 + Level 7.5 Armour
 + Level 4.9 Dodging
 + Level 2.5 Stealth
 + Level 7.1 Shields
 + Level 0.7 Unarmed Combat


You had 11 spell levels left.
You didn't know any spells.
Your spell library contained the following spells:

 Spells                   Type           Power      Damage    Failure   Level
 Magic Dart               Conj           0%         1d3       100%        1
 Necrotise                Necr           0%         1d4       100%        1
 Slow                     Hex            0%         N/A       100%        1
 Summon Small Mammal      Summ           0%         N/A       100%        1
 Call Imp                 Summ           0%         N/A       100%        2
 Call Canine Familiar     Summ           0%         N/A       100%        3
 Confusing Touch          Hex            0%         N/A       100%        3
 Dazzling Flash           Conj/Hex       0%         N/A       100%        3
 Mephitic Cloud           Conj/Pois/Air  0%         N/A       100%        3
 Summon Guardian Golem    Hex/Summ       0%         N/A       100%        3
 Vampiric Draining        Necr           0%         2d6       100%        3
 Agony                    Necr           0%         N/A       100%        5
 Silence                  Hex/Air        0%         N/A       100%        5


Dungeon Overview and Level Annotations

Branches:
Dungeon (11/15)            Temple (0/1) D:5            Lair (0/5) D:9
    Orc (2/2) D:9
    Elf: Orc:2

Altars:
Fedhas
Gozag
Makhleb
Okawaru
Trog
Uskayaw
Vehumet
Wu Jian
Xom

Shops:
D:2 (   D:5 *

Annotations:
Orc:1 Saint Roka


Innate Abilities, Weirdness & Mutations

You have very sharp fingernails.
You regenerate a little health from kills.
You are mostly covered in sharp spines.
When seriously injured, your blood forms very thick armour. (AC +12)


Message History

There is a stone staircase leading up, spattered with blood here.
Unknown command.
Saint Roka mumbles some strange prayers to Beogh against you.
Beogh smites you!
You climb upwards.
There is a stone staircase leading down, spattered with blood here.
Okay, then.
Saint Roka resists with almost no effort.
Saint Roka invokes the aid of Beogh against you.
Beogh smites you!
Saint Roka resists with almost no effort.
Saint Roka barely misses you.
Saint Roka resists with almost no effort.
You block Saint Roka's attack.
Saint Roka resists with almost no effort.
Saint Roka hits you with a +0 war axe of flaming!
Your blood congeals into armour.
Saint Roka burns you.
Saint Roka resists with almost no effort.
Saint Roka hits you with a +0 war axe of flaming!
Saint Roka burns you.
You are too injured to fight recklessly!
You are too injured to fight recklessly!
You are confused.
You feel invigorated.
Saint Roka hits you with a +0 war axe of flaming!
You barely miss Saint Roka.
Saint Roka hits you with a +0 war axe of flaming!!
* * * LOW HITPOINT WARNING * * *
Saint Roka burns you.
* * * LOW HITPOINT WARNING * * *
Unknown command.
You barely miss Saint Roka.
Saint Roka hits you with a +0 war axe of flaming!
* * * LOW HITPOINT WARNING * * *
You feel less invigorated.
You feel less confused.
Items here: ))) [.
Saint Roka invokes the aid of Beogh against you.
Beogh smites you!
You die...

### ### #### ###
##.####.## ##..######.##
#...##...##
#....##.#...####........#
##...#...#....#........##
##......#.........#.###
#.........[.[.#.####
##.#...#.@o>[....##
###......)[[##...##
#.........#.#....#
##.##............##
###...#..........##
##............#.##
#................#
##..............##
###............#


You could see Saint Roka.

Vanquished Creatures
  3 two-headed ogres
  Urug (D:11)
  4 orc sorcerers
  Psyche (D:8)
  3 trolls
  Grinder (D:6)
  3 slime creatures
  Prince Ribbit (D:9)
  4 wyverns
  2 wraiths
  A basilisk (D:9)
  9 yaks
  4 vampire mosquitoes (D:9)
  2 wargs (D:9)
  An acid dragon (D:11)
  3 sky beasts
  21 orc warriors
  3 black bears
  An ice beast (D:7)
  5 ogres
  2 centaurs
  3 phantoms
  A bullfrog (D:7)
  2 kobold brigands
  2 gnoll sergeants
  4 scorpions
  15 wights
  16 killer bees
  2 howler monkeys
  A hound (D:4)
  11 orc priests
  A gnoll bouda (D:3)
  3 jellies
  2 iguanas
  Jessica (D:2)
  Terence (D:3)
  13 orc wizards
  Robin (D:2)
  34 gnolls
  9 adders
  A white imp (D:6)
  A dart slug (D:2)
  81 orcs
  5 endoplasms
  2 giant cockroaches (D:4)
  15 goblins
  10 hobgoblins
  22 jackals
  19 kobolds
  2 quokkas (D:2)
  5 ball pythons
  6 bats
  3 frilled lizards
  2 rats
371 creatures vanquished.

Vanquished Creatures (collateral kills)
  An orc wizard (D:11)
1 creature vanquished.

Vanquished Creatures (others)
  A plant (D:3)
1 creature vanquished.

Grand Total: 373 creatures vanquished

Notes
Turn   | Place    | Note
-------+----------+-------------------------------------------
     0 | D:1      | SensoryNuts the Demonspawn Fighter began the quest for the
                  | Orb.
     0 | D:1      | Reached XP level 1. HP: 18/18 MP: 1/1
     6 | D:1      | Noticed a yaktaur captain
     6 | D:1      | Noticed a servant of whispers
     6 | D:1      | Noticed a tyrant leech
     6 | D:1      | Noticed an iguana
   212 | D:1      | Reached skill level 2 in Long Blades
   221 | D:1      | Gained mutation: You have sharp fingernails. [demonic
                  | ancestry]
   221 | D:1      | Reached XP level 2. HP: 10/24 MP: 2/2
   773 | D:1      | Reached XP level 3. HP: 15/29 MP: 3/3
  1435 | D:2      | Noticed Jessica
  1441 | D:2      | Killed Jessica
  1551 | D:2      | Found a faded altar of an unknown god.
  1564 | D:2      | Reached skill level 3 in Long Blades
  1564 | D:2      | Gained mutation: You regenerate a little health from kills.
                  | [demonic ancestry]
  1564 | D:2      | Reached XP level 4. HP: 28/35 MP: 4/4
  1702 | D:2      | You fall into a shaft and drop 2 floors!
  1850 | D:4      | Noticed an ogre
  1859 | D:4      | Killed an ogre
  1860 | D:4      | Reached XP level 5. HP: 6/41 MP: 5/5
  2138 | D:4      | Found a burning altar of Makhleb.
  2206 | D:4      | Reached skill level 1 in Dodging
  2431 | D:3      | Reached skill level 4 in Long Blades
  2456 | D:3      | Noticed Terence
  2466 | D:3      | Killed Terence
  2632 | D:3      | Gained mutation: You have very sharp fingernails. [demonic
                  | ancestry]
  2632 | D:3      | Reached XP level 6. HP: 47/47 MP: 6/6
  3301 | D:2      | Found a bloodstained altar of Trog.
  3339 | D:2      | Noticed Robin
  3350 | D:2      | Killed Robin
  3924 | D:2      | Found Fittason's Antique Weapon Boutique.
  4541 | D:3      | Reached skill level 5 in Long Blades
  4859 | D:2      | Gained mutation: You are partially covered in sharp spines.
                  | [demonic ancestry]
  4859 | D:2      | Reached XP level 7. HP: 52/53 MP: 7/7
  6403 | D:4      | Reached skill level 6 in Long Blades
  6590 | D:5      | Entered Level 5 of the Dungeon
  6635 | D:5      | Gained mutation: When seriously injured, your blood forms
                  | armour. (AC +12) [demonic ancestry]
  6635 | D:5      | Reached XP level 8. HP: 60/60 MP: 8/8
  6849 | D:5      | Found an iron altar of Okawaru.
  6874 | D:5      | Reached skill level 7 in Long Blades
  6874 | D:5      | Reached skill level 5 in Armour
  6965 | D:5      | Found a staircase to the Ecumenical Temple.
  7147 | D:5      | Found Fawenono's General Store.
  7312 | D:5      | Identified the +2 robe of the Smoking Gods {rElec rN+ Str-2
                  | Dex+4}
  7467 | D:6      | Noticed Grinder
  7478 | D:6      | Killed Grinder
  7729 | D:6      | Found a radiant altar of Vehumet.
  7729 | D:6      | Found a hide-covered altar of Uskayaw.
  7740 | D:6      | Reached skill level 8 in Long Blades
  7755 | D:6      | Noticed a troll
  7775 | D:6      | Killed a troll
  7776 | D:6      | Gained mutation: When seriously injured, your blood forms
                  | thick armour. (AC +12) [demonic ancestry]
  7776 | D:6      | Reached XP level 9. HP: 33/66 MP: 9/9
  8160 | D:6      | Reached skill level 9 in Long Blades
  8235 | D:6      | Found a shimmering altar of Xom.
  8956 | D:6      | Reached skill level 5 in Fighting
  8956 | D:6      | Reached skill level 1 in Stealth
 10079 | D:7      | Reached skill level 10 in Long Blades
 10210 | D:7      | Reached XP level 10. HP: 63/74 MP: 10/10
 10504 | D:8      | Identified the +1 leather armour of Wiceimn {rC+ Dex+4
                  | Slay+3}
 10966 | D:8      | Noticed Psyche
 11023 | D:8      | Killed Psyche
 11638 | D:8      | Found an opulent altar of Gozag.
 12366 | D:9      | Found a staircase to the Lair.
 12383 | D:9      | Reached skill level 5 in Shields
 12785 | D:9      | Reached skill level 11 in Long Blades
 12820 | D:9      | Noticed Prince Ribbit
 12832 | D:9      | Killed Prince Ribbit
 13054 | D:9      | Found a staircase to the Orcish Mines.
 13499 | D:10     | Entered Level 10 of the Dungeon
 13597 | D:10     | Noticed a two-headed ogre
 13611 | D:10     | Killed a two-headed ogre
 13612 | D:10     | Gained mutation: You are mostly covered in sharp spines.
                  | [demonic ancestry]
 13612 | D:10     | Reached XP level 11. HP: 66/81 MP: 11/11
 14234 | D:10     | Found an ornate altar of the Wu Jian Council.
 14463 | D:10     | Noticed a two-headed ogre
 14489 | D:10     | Killed a two-headed ogre
 14490 | D:10     | Reached skill level 12 in Long Blades
 14551 | D:10     | Found a blossoming altar of Fedhas.
 15037 | D:11     | Noticed Urug
 15100 | D:11     | Noticed a two-headed ogre
 15110 | D:11     | Killed a two-headed ogre
 15211 | D:11     | Killed Urug
 15273 | D:11     | Noticed a five-headed hydra
 15587 | Orc:1    | Entered Level 1 of the Orcish Mines
 15587 | Orc:1    | Noticed an orc sorcerer
 15592 | Orc:1    | Noticed an orc sorcerer
 15637 | Orc:1    | Noticed an orc sorcerer
 15657 | D:9      | Killed an orc sorcerer
 15739 | D:9      | Killed an orc sorcerer
 16285 | Orc:1    | Noticed a soul eater
 16297 | D:9      | Killed an orc sorcerer
 17020 | Orc:2    | Entered Level 2 of the Orcish Mines
 17131 | Orc:2    | Noticed an orc sorcerer
 17296 | Orc:1    | Reached skill level 13 in Long Blades
 17550 | Orc:2    | Paralysed by an orc sorcerer for 3 turns
 17561 | Orc:1    | Noticed a soul eater
 17574 | Orc:1    | Killed an orc sorcerer
 17575 | Orc:1    | Gained mutation: When seriously injured, your blood forms
                  | very thick armour. (AC +12) [demonic ancestry]
 17575 | Orc:1    | Reached XP level 12. HP: 39/91 MP: 12/12
 17797 | Orc:2    | Noticed Saint Roka
 18497 | Orc:1    | Killed from afar by Saint Roka

Illustrated notes

Levels and vault maps discovered:
D:1:      onia_arrival_zoo_common, layout_loops_ring
D:2:      layout_basic, serial_shops, shop, basic_altar,
          hellmonk_ecumenical_altar_blasted, uniq_robin, uniq_jessica
D:3:      lemuel_castle_with_subvaults [lemuel_castle_interior_carwin_3],
          layout_basic, uniq_terence
D:4:      minmay_wonky_spiral, layout_loops_cross, bloody_makhleb
D:5:      layout_gridville, okawaru_gym_becter,
          minmay_temple_entry_drinking_statues, serial_shops, shop
D:6:      layout_loops_ring, old_standard_altar,
          mainiacjoe_overflow_large_starburst, minivault_26,
          corexii_item_surrounded_by_moat, uniq_grinder
D:7:      layout_gridville
D:8:      layout_basic, nicolae_overflow_crystal_walls, uniq_psyche
D:9:      layout_irregular_city, david_lair_generic, hiddenorc2_lemuel,
          uniq_prince_ribbit1
D:10:     layout_basic, nzn_wu_jian_contemplation, mainiacjoe_overflow_brackets,
          minmay_misc_feat_diagonals, mumra_transporter_accident
D:11:     layout_small_grid, dk_vineyard_3, uniq_urug
Orc:1:    nicolae_orc_accident_1, layout_caves
Orc:2:    grunt_orc_tribal_feast, layout_caves, serial_shops, shop,
          nicolae_shop_hallway_stairs, nicolae_shop_behind_doors,
          lightli_orcish_oven, uniq_saint_roka

Skill      XL: |  1  2  3  4  5  6  7  8  9 10 11 |
---------------+----------------------------------+-----
Long Blades    | 2 3 4 5 6 8 10 11 13 | 13.1
Armour         | 3 4 5 6 7 |  7.5
Dodging        | 1 2 3 4 |  4.9
Shields        | 3 4 5 7 |  7.1
Fighting       | 4 5 6 7 |  7.3
Stealth        | 1 2 |  2.5
Unarmed Combat | |  0.7

Action                   |  1- 3 |  4- 6 |  7- 9 | 10-12 || total
-------------------------+-------+-------+-------+-------++-------
Melee: Long sword        |    91 |   280 |   390 |   748 ||  1509
       Unarmed           |       |       |       |     9 ||     9
Evoke: Wand              |       |       |       |     5 ||     5
  Use: Potion            |       |     3 |     4 |     8 ||    15
       Scroll            |       |    10 |     9 |    13 ||    32
 Stab: Sleeping          |       |       |       |     3 ||     3
       Invisible         |       |       |       |     1 ||     1
Armor: Scale mail        |    55 |   228 |   156 |    44 ||   483
       Troll leather arm |       |       |       |   110 ||   110
       Skin              |       |       |       |     1 ||     1
       Plate armour      |       |       |       |    49 ||    49
Dodge: Dodged            |    47 |   198 |   277 |   369 ||   891
Block: Buckler           |    20 |   112 |   113 |    27 ||   272
       Kite shield       |       |       |       |   365 ||   365
